Workbook
Name a: #REF!
Name a: #REF!
Name a: #REF!
Name a: #REF!
Name a: #REF!
Name Actividad_Económica: #REF!
Name Actividad_Económica: #REF!
Name Actividad_Económica: #REF!
Name Actividad_Económica: #REF!
Name Actividad_Económica: #REF!
Name Actividad_Economica2: #REF!
Name Actividad_Economica2: #REF!
Name Actividad_Economica2: #REF!
Name Actividad_Economica2: #REF!
Name Actividad_Economica2: #REF!
Name AGENCIA: #REF!
Name AGENCIA: #REF!
Name AGENCIA: #REF!
Name AGENCIA: #REF!
Name AGENCIA: #REF!
Name Agencia2: #REF!
Name Agencia2: #REF!
Name Agencia2: #REF!
Name Agencia2: #REF!
Name Agencia2: #REF!
Name Apto: #REF!
Name Apto: #REF!
Name Apto: #REF!
Name Apto: #REF!
Name Apto: #REF!
Name Apto_Postal: #REF!
Name Apto_Postal: #REF!
Name Apto_Postal: #REF!
Name Apto_Postal: #REF!
Name Apto_Postal: #REF!
Name Apto_postal2: #REF!
Name Apto_postal2: #REF!
Name Apto_postal2: #REF!
Name Apto_postal2: #REF!
Name Apto_postal2: #REF!
Name Apto2: #REF!
Name Apto2: #REF!
Name Apto2: #REF!
Name Apto2: #REF!
Name Apto2: #REF!
Name DATOS: #REF!,#REF!,#REF!,#REF!,#REF!,#REF!,#REF!,#REF!,#REF!,#REF!,#REF!,#REF!,#REF!,#REF!,#REF!,#REF!,#REF!,#REF!
Name DATOS: #REF!,#REF!,#REF!,#REF!,#REF!,#REF!,#REF!,#REF!,#REF!,#REF!,#REF!,#REF!,#REF!,#REF!,#REF!,#REF!,#REF!,#REF!
Name DATOS: #REF!,#REF!,#REF!,#REF!,#REF!,#REF!,#REF!,#REF!,#REF!,#REF!,#REF!,#REF!,#REF!,#REF!,#REF!,#REF!,#REF!,#REF!
Name DATOS: #REF!,#REF!,#REF!,#REF!,#REF!,#REF!,#REF!,#REF!,#REF!,#REF!,#REF!,#REF!,#REF!,#REF!,#REF!,#REF!,#REF!,#REF!
Name DATOS: #REF!,#REF!,#REF!,#REF!,#REF!,#REF!,#REF!,#REF!,#REF!,#REF!,#REF!,#REF!,#REF!,#REF!,#REF!,#REF!,#REF!,#REF!
Name DATOS2: #REF!,#REF!,#REF!,#REF!,#REF!,#REF!,#REF!,#REF!,#REF!,#REF!,#REF!,#REF!,#REF!,#REF!,#REF!,#REF!,#REF!,#REF!
Name DATOS2: #REF!,#REF!,#REF!,#REF!,#REF!,#REF!,#REF!,#REF!,#REF!,#REF!,#REF!,#REF!,#REF!,#REF!,#REF!,#REF!,#REF!,#REF!
Name DATOS2: #REF!,#REF!,#REF!,#REF!,#REF!,#REF!,#REF!,#REF!,#REF!,#REF!,#REF!,#REF!,#REF!,#REF!,#REF!,#REF!,#REF!,#REF!
Name DATOS2: #REF!,#REF!,#REF!,#REF!,#REF!,#REF!,#REF!,#REF!,#REF!,#REF!,#REF!,#REF!,#REF!,#REF!,#REF!,#REF!,#REF!,#REF!
Name DATOS2: #REF!,#REF!,#REF!,#REF!,#REF!,#REF!,#REF!,#REF!,#REF!,#REF!,#REF!,#REF!,#REF!,#REF!,#REF!,#REF!,#REF!,#REF!
Name datos3: #REF!,#REF!,#REF!,#REF!,#REF!,#REF!,#REF!,#REF!,#REF!,#REF!,#REF!,#REF!,#REF!,#REF!,#REF!,#REF!,#REF!,#REF!
Name datos3: #REF!,#REF!,#REF!,#REF!,#REF!,#REF!,#REF!,#REF!,#REF!,#REF!,#REF!,#REF!,#REF!,#REF!,#REF!,#REF!,#REF!,#REF!
Name datos3: #REF!,#REF!,#REF!,#REF!,#REF!,#REF!,#REF!,#REF!,#REF!,#REF!,#REF!,#REF!,#REF!,#REF!,#REF!,#REF!,#REF!,#REF!
Name datos3: #REF!,#REF!,#REF!,#REF!,#REF!,#REF!,#REF!,#REF!,#REF!,#REF!,#REF!,#REF!,#REF!,#REF!,#REF!,#REF!,#REF!,#REF!
Name datos3: #REF!,#REF!,#REF!,#REF!,#REF!,#REF!,#REF!,#REF!,#REF!,#REF!,#REF!,#REF!,#REF!,#REF!,#REF!,#REF!,#REF!,#REF!

Sheet 1 Detalle
D2: Lanco Dominicana, C. x A.
D3: CUENTAS POR COBRAR
D4: 30 de Junio del 2009
B6: El componente Cuentas por Cobrar esta conformado de la siguiente manera:
E8: Balance al | H8: Balance al
B9: Cta. No. | C9: Descripción | E9: 30.06.09 | F9: Anterior | H9: 30.06.08 | I9: Asuntos Pendientes
B11: 1200 | C11: CUENTAS A COBRAR LOCALES | E11: 94177681 | F11: 94213870 | G11: 1 | H11: 80664412 | I11: Investigar Diferencia con auxiliar y con confirmaciones recibidas
B12: 1201 | C12: CUENTA POR COBRAR RELACIO | E12: 444710 | F12: 3172466 | G12: 2 | H12: 1783775 | I12: Montar confirmaciones
B13: 1205 | C13: AJUSTES A CUENTAS A COBRA | E13: -3348347 | F13: -1503266 | G13: 3 | H13: -1235662 | I13: Analizar esta cuenta
B14: 1211 | C14: PROVISION DESCUENTOS VENT | E14: -2012367 | F14: -2012367 | G14: 4 | H14: -1796140 | I14: Analizar esta cuenta
B15: 1212 | C15: PROVISION CUENTAS INCOBRA | E15: -7506112 | F15: -6648988 | G15: 5 | H15: -312005 | I15: Analizar esta cuenta
B16: 1300 | C16: OTRAS CUENTAS A COBRAR | E16: 0 | F16: 300983 | G16: 6 | H16: 363026 | I16: Evaluar procedimientos definidos para la evaluación de créditos
B17: 1310 | C17: CUENTAS A COBRAR EMPLEADO | E17: 1672215 | F17: 1671871 | G17: 7 | H17: 436636
E18: =SUM(E11:E17) -> 83427780 | F18: =SUM(F11:F17) -> 89194569 | H18: =SUM(H11:H17) -> 79904042
E19: n | H19: v
E20: =+E9 -> 30.06.09 | H20: =+H9 -> 30.06.08
B21: Cantidad según detalle arriba expuesto | E21: =+E18 -> 83427780 | H21: =+H18 -> 79904042
B22: Cantidad según Cedula Sumaria | E22: 90348041 | H22: 79904042
B23: Diferencia (Debe ser igual a cero) | E23: =+E21-E22 -> -6920261 | H23: =+H21-H22 -> 0
A25: v | B25: Tomado de los estados generados al 30.6.2008
A26: n | B26: Tomado de la balanza de comprobación al 30.6.2009
E27: =E11*0.04 -> 3767107.2
B29: Véase el trabajo ejecutado sobre cada una de estas cuentas en "Explicación". Ir al vínculo que presenta la partida auditada
B31: Conclusión

Sheet A1 Contenido
H1: A3 | I1: Revisado por
D2: ITABO INDUSTRIAL, S.A. | I2: Fecha
D3: Contenido | I3: Hecho por | J3: MA
D4: 30-06-2008 | I4: Fecha | J4: 40021
A9: A3 | B9: Cuentas por Cobrar
A12: A3-1 | B12: Sumaria
A14: A3-2 | B14: Programa
A16: A3-3 | B16: Memorando de Cuentas por Cobrar
A18: A3-4 | B18: Auxiliares de Cuenta por Cobrar Clientes
A20: A3-5 | B20: Confirmación de Saldos con Terceros
A22: A3-6 | B22: Procedimientos Alternos de Cuentas por Cobrar

Sheet 335-1 Programa
B1: Programa Revision Itbis | I1: PPC-335 | K1: Revisado por
B2: Cliente: | K2: Fecha
B3: Período finalizado: | E3: 45064 | K3: Hecho por
B4: RNC: | E4: 131244922
B5: Impuesto: | E5: I T B I S | K5: Fecha
B8: Procedimientos / Referencia y/o Explicacion | K8: Referencia | L8: Hecho por Iniciales/Fecha
D10: Procedimientos Detallados
B12: 1 | D12: Investigue sobre cualquier antecedentes fiscales con relación con el cumplimiento de la presentación y pago del ITBIS.
B14: 2 | D14: Obtener un movimiento de cuenta contable del mes a trabajar de las siguientes Partidas: ITBIS POR PAGAR, ITBIS RETENIDO, ITBIS ADELANTADO | K14: Contab.
B16: 3 | D16: Solicite las facturas de ingresos emitidas y un reporte de estas o realice una selección y revise lo siguiente:
C18: a) | D18: Secuencia numérica
C19: b) | D19: Los productos sujetos a ITBIS sean debidamente gravados
C20: c) | D20: Que esté trasparentando el ITBIS en la factura
C21: d) | D21: Si están debidamente registradas en contabilidad
C22: e) | D22: Si está acorde con el decreto 254-06 Sobre NCF
C23: f) | D23: Cotejar contra el listado de facturas emitidas
B25: 4 | D25: En caso de ventas exentas por exportaciones, solicite certificacion de exportador y solicite muestra de los comprobantes de embarque para verificacion.
B27: 5 | D27: Seleccione una muestra de las notas de creditos realizadas y compruebe que se correspondan a ventas reales y no excedan los 30 días de haberse efectuado. Verifique que las superiores a 30 dias fueron colocadas en la casilla 37 del formulario IT-1, verifique si las devoluciones estan amparadas por Entradas de Almacen.
B29: 6 | D29: Solicite el formulario 606 de manera electrónica y verifique cada factura o realice una selección de estas y verifique lo siguiente: | K29: 606
C32: a) | D32: Que corresponda a compras en el mismo período bajo revisión
C33: b) | D33: Que el ITBIS adelantado corresponda a bienes transferibles
C34: c) | D34: Que el ITBIS adelantado corresponda a gastos deducibles fiscalmente
C35: d) | D35: Que cumpla con el decreto 254-06 y normativa vigente.
C36: e) | D36: Que el ITBIS no esté incluido en la columna de Monto Facturado
C37: g) | D37: Verificar las retenciones presentadas en el 606 contra las retenciones registradas en el movimiento de cuenta ITBIS RETENIDO y si las mismas son correctas.
B39: 7 | D39: Solicite el formulario 607 de manera electrónica y verifique que el ITBIS facturado sea el mismo que el registrado en la cuenta ITBIS por Pagar y los ingresos sean los mismo que en la contabilidad. | K39: 607
B41: 8 | D41: Verifique el cobro y pago del ITBIS en casos especiales (DONACIONES, PROMOCIONES, VENTAS ACTIVOS FIJOS).
B43: 9 | D43: Solicitar los pagos emitidos durante el mes y un listado de los mismos (transferencias bancarias, listado de cheques, etc.) o una selección de estos y verificar:
C45: a) | D45: Que se aplicaron las retenciones correctamente.
C46: b) | D46: Verificar Si la empresa realiza pagos en efectivos y si la misma cumple con la norma de Pagos Fehacientes.
B48: 10 | D48: Compruebe que la cuenta del pasivo avance recibido de clientes fue disminuido o cerrada contra una cuenta de ingresos.
B50: 11 | D50: Solicite las importaciones del mes y verifique la fecha del recibo de pago y se incluyo adecuadamente en el IT-1.
B52: 12 | D52: Analizar los ingresos exentos del Itbis, tales como ventas de bienes y servicios exentos, exportaciones, entre otros y determinar si aplica proporcionalidad en el adelanto ITBIS. (Mayoria de los casos aplica a los servicios. (Ver Con Gerente Cada Caso)
B54: 13 | D54: Analizar las cuentas Otros ingresos, para determinar si estan sujetos a Itbis, y si han sido considerados en el cálculo.
B56: 14 | D56: Completar memo de observaciones y archivo de validacion de cruces segun instrucciones suministradas.
D58: En los Casos de que algún procedimiento no aplique, favor de explicar.
D63: Realizado por: | H63: Verificado Por:

Sheet 335-2 Memo
F1: PPC-335 | H1: Revisado por
C2: MEMO HALLAZGOS ITBIS | H2: Fecha
C3: 45064 | H3: Hecho por | I3: =+'335-1 Programa'!L3 -> 0
H4: Fecha | I4: =+'335-1 Programa'!L5 -> 0
B6: OBJETIVO
B8: El objetivo de este papel de trabajo es documentar los procedimientos realizados para asegurarnos queABC, S.R.L. presenta su declaración de Impuesto sobre Transferencia de Bienes Industrializados y Servicios (ITBIS) razonablemente en todas sus aseveraciones importantes (ingresos, adelantos de ITBIS, retención de ITBIS, etc), para el periodo terminado el 28 de feb 2023
B10: HALLAZGOS
A12: 1
B15: RIESGOS
A17: 1
B20: RECOMENDACIONES
A22: 1

Sheet Check List
A1: Nota:
A2: Revisar que todos lo puntos mencionado en el chech list esten validados en la elaboración del IT-1
C5: Valiado (Si, N/A) | E5: Comentarios ( Justificar )
A6: 1 | B6: Recortar desde la Oficina Virtual el Saldo a favor del mes anterior y linkear en el anexo IT-1
A7: 2 | B7: Recortar desde la Oficina virtual la norma 08-04 del mes a trabajar y linkear en el Anexo A
A8: 3 | B8: Linkear las Importaciones (DGII) en el Anexo A
A9: 4 | B9: Linkear las retenciones por terceros en el Anexo A desde el resumen de envio 607
A10: 5 | B10: Cociliar los Ingresos del Anexo A vs resumen de envios de datos 607
A11: 6 | B11: Conciliar los Ingresos del (Anexo A / IT-1 ) vs Contabilidad
A12: 7 | B12: Conciliar el ITBIS en venta del IT-1 vs resumen de envio de datos 607
A13: 8 | B13: Conciliar el ITBIS en Venta del IT-1 vs Contabilidad
A14: 9 | B14: Conciliar el ITBIS en Importaciones del Anexo A vs Contabilidad
A15: 10 | B15: Conciliar ITBIS retenido del IT-1 vs resumen de envio de datos 606
A16: 11 | B16: Conciliar el ITBIS adelantado del Anexo A vs resumen de envio de datos 606
A17: 12 | B17: Conciliar el ITBIS adelantado del Anexo A vs contabilidad
... A19: 14 | B19: Clasificar de manera correcta las retenciones siguientes:
B20: 1.1 Retenciones Personas Fisicas Casilla 39 del IT-1
B21: 1.2 Retenciones sociedades (servicios de seguridad) cailla 42 del IT-1
B22: 1.3 Retenciones sociedades (servicios por honorarios) casilla 43 del IT-1
B23: 1.4 Retenciones servicios (acogidos al RST) casilla 44 del IT-1
B24: 1.5 Retenciones comprobantes de compras (Adquisión de Bienes ) casilla 47 del IT-1
B25: Nota: las retenciones indicada en los puntos (1.1 - 1.2 - 1.3 - 1.4 y 1.5 se validan en la
B26: herramienta consulta de RNC de la DGII.
A27: 15 | B27: Validar las secuencias de los NCF válido para credito Fiscal (B01) de la herramienta 607
A28: 16 | B28: Validar las secuencias de los NCF de Consumo (B02) de la herramienta 607
A29: 17 | B29: Validar las secuencias de los NCF Nota de Credito (B04) en la herramienta 607
A30: 18 | B30: Validar las secuencias de los NCF Regimen Especiales (B14) en la herramienta 607
A31: 19 | B31: Validar las secuencias de los NCF Gubernamentales (B15) en la herramienta 607
A32: 20 | B32: Validar las secuencias de los NCF de Exportaciones (B16) en la herramienta 607
A33: 21 | B33: Validar las secuencias de los NCF de Compras (B11) en la herramienta 606
A34: 22 | B34: Validar las secuencias de los NCF Gastos Menores (B13) en la herramienta 606
A35: 23 | B35: Validar las secuencias de los NCF Pagos al Exterior (B17) en la herramienta 606
A36: 24 | B36: Validar las secuencias de los NCF anulados en el 608 vs lo que se van a presentar
B37: Validar la secuencia final del mes anterior con la Inicial del mes actual de los puntos -
B38: mencionados del (15 - 23 ).
A39: 25 | B39: Validar las Notas de Crédito a más de 30 dias; en caso de que existieran, considerar lo siguiente:
B40: 1.1 Colocar el monto de las NC más de 30 dias en la casilla 9 del Anexo A como Ajuste Positivo.
B41: 1.2 Colocar el monto de las NC más de 30 dias en la casilla 43 del Anexo A
A42: 26 | B42: Según la Actividad económica de la empresa; validar que existieran Promociones, Muestras, Degustaciones…
B43: 1.1 El monto que corresponde al reporte de las Promociones, Muestras, Desgustaciones deben considerarse
B44: en la casilla 9 del Anexo A como Ajuste Positivo.

Sheet 309-2 Validacion Cruces
B4: Validaciones Cruces ITBIS
B5: 45656
B7: Validación datos | C7: Datos (IT-1 / Anexo A) | D7: Datos (Contabilidad) (606 & 607) | E7: Diferencia | F7: Comentarios
B8: Ingresos segun IT-1 vs ingresos en resumen de envio ( 607 ) | C8: =+'Anexo A'!W25 -> 0.32 | D8: =+'Imagen 607'!M21 -> 0 | E8: =+C8-D8 -> 0.32
B9: Ingresos segun IT-1 vs ingresos en contabilidad | C9: =+'IT-1'!V14 -> 0.32 | D9: =+'Detalle Ingresos Cont.'!H35 -> 0 | E9: =+C9-D9 -> 0.32
B10: Itbis a pagar segun IT-1 vs itbis a pagar según resumen de envio ( 607 ) | C10: =+'IT-1'!V33 -> 0.0576 | D10: =+'Imagen 607'!M22 -> 0 | E10: =+C10-D10 -> 0.0576
B11: Itbis a pagar segun IT-1 vs itbis a pagar segun contabilidad | C11: =+'IT-1'!V33 -> 0.0576 | D11: =+'Detalle ITBIS cobrado ven Cont.'!#REF! -> #REF! | E11: =+C11-D11 -> #REF!
B12: Itbis adelantado segun Anexo A vs itbis adelantado según resumen de envio ( 606 ) | C12: =+'Anexo A'!W87 -> 0 | D12: =+'Imagen 606'!J9 -> 0 | E12: =+C12-D12 -> 0
B13: Itbis adelantado segun Anexo A vs itbis adelantado segun cont. | C13: =+'Anexo A'!W87 -> 0 | D13: =+'Detalle ITBIS adelanto Cont. '!G67 -> 0 | E13: =+C13-D13 -> 0 | F13: Pendiente de registrar proporcionalidad
B14: Itbis retenido segun IT-1 vs itbis según resumen de envio (606 ) | C14: =+'IT-1'!V73 -> 0 | D14: =+'Imagen 606'!J8 -> 0 | E14: =+C14-D14 -> 0
B15: Itbis retenido segun IT-1 vs itbis retenido según contabilidad | C15: =+'IT-1'!V73 -> 0 | D15: =+'Detalle DE LOTES DE AZUL'!H11 -> 0 | E15: =+C15-D15 -> 0
B16: Base imponible honorarios itbis vs base imponible IR-17 | C16: =+'Detalle 606'!C178 -> 0 | D16: =+'Detalle IR-17 (IR-6)'!P37 -> 0 | E16: =+C16-D16 -> 0 | F16: Pendiente terminar
B17: Ingresos anexo A por tipo NCF vs Tipo de Venta | C17: =+'Anexo A'!W25 -> 0.32 | D17: =+'Detalle 607'!C46 -> 0 | E17: =+C17-D17 -> 0.32
B18: Ingresos anexo A por tipo NCF vs Tipo de Ingreso | C18: =+'Anexo A'!W25 -> 0.32 | D18: =+'Detalle Ingresos Cont.'!H35 -> 0 | E18: =+C18-D18 -> 0.32
B19: ITBIS sujeto a Proporcionalidad según IT-1 Vs resumen de envio (606 )
B20: ITBIS sujeto a Proporcionalidad según IT-1 Vs Contabilidad | E20: =+C20-D20 -> 0
B21: Itbis importación según IT-1 vs Itbis importación DGII | E21: =+C21-D21 -> 0
B22: Itbis importación según IT-1 vs Itbis importación según contabilidad | C22: =+'IT-1'!V41 -> 0 | E22: =+C22-D22 -> 0
B23: Pagos computables por ret. 30% Itbis IT-1 vs contabilidad | C23: =+'Anexo A'!W49 -> 0 | D23: =+'Detalle ITBIS RET. 30%'!G8 -> 0 | E23: =+C23-D23 -> 0
B24: Pagos computables por ret. 30% Itbis IT-1 vs resumen de envio de ( 607 ) | C24: =+'Anexo A'!W49 -> 0 | D24: =+'Detalle 607'!D52 -> 0 | E24: =+C24-D24 -> 0
B25: Monto de ISC según 606 vs contabilidad | C25: =+'Detalle 606'!V168 -> 0 | E25: =+C25-D25 -> 0
B26: Monto de Otros Imp. según 606 vs contabilidad | E26: =+C26-D26 -> 0
B27: Monto de propina legal según 606 vs contabilidad | C27: =+'Detalle 606'!X168 -> 0 | E27: =+C27-D27 -> 0
E28: =+C28-D28 -> 0
E29: =+C29-D29 -> 0
E30: =+C30-D30 -> 0
B31: Totales: | C31: =SUM(C8:C30) -> 1.3952 | D31: =SUM(D8:D30) -> #REF! | E31: =SUM(E8:E30) -> #REF!
B34: CORTE DE DOCUMENTOS | C34: Anterior | D34: Inicial | E34: Final | F34: Comentarios
B35: VALIDO PARA CREDITO FISCAL (B01)
B36: CONSUMIDOR FINAL (B02)
B37: NOTAS DE DEBITO (B03)
B38: NOTAS DE CREDITO (B04)
B39: REGISTRO UNICO DE INGRESO (B12)
B40: REGIMENES ESPECIALES (B14)
B41: GUBERNAMENTALES (B15)
B42: PARA EXPORTACIONES (B16)
B43: PARA PAGOS AL EXTERIOR (B17)

Sheet IT-1
E2: DIRECCIÓN GENERAL DE IMPUESTOS INTERNOS
E3: DECLARACIÓN JURADA Y/O PAGO DEL IMPUESTO SOBRE LAS TRANSFERENCIAS DE BIENES INDUSTRIALIZADOS Y SERVICIOS (ITBIS)
B5: I. | C5: DATOS GENERALES | Z5: =IF(V14=0,1,2) -> 2
C6: RNC/CÉDULA | I6: RAZÓN SOCIAL/NOMBRE | P6: NOMBRE COMERCIAL
D9: CORREO ELECTRÓNICO | M9: TELÉFONO | P9: PERÍODO (MES/AÑO) | S9: FECHA LÍMITE DE PAGO | V9: TIPO DE DECLARACIÓN
V10: NORMAL
B13: II. | C13: INGRESOS POR OPERACIONES | V13: MONTO
B14: 1 | C14: TOTAL DE OPERACIONES DEL PERIODO (Proviene de la casilla 11 del Anexo A) | U14: + | V14: ='Anexo A'!W25 -> 0.32
B15: II.A | C15: NO GRAVADAS
B16: =+B14+1 -> 2 | C16: INGRESOS POR EXPORTACIONES DE BIENES SEGÚN Art. 342 CT | U16: +
B17: =+B16+1 -> 3 | C17: INGRESOS POR EXPORTACIONES DE SERVICIOS SEGÚN Art. 344 CT y Art. 14 Literal j), Reglamento 293-11 | U17: +
B18: =+B17+1 -> 4 | C18: INGRESOS POR VENTAS LOCALES DE BIENES O SERVICIOS EXENTOS Art. 343 y Art. 344 CT | U18: +
B19: =+B18+1 -> 5 | C19: INGRESOS POR VENTAS DE BIENES O SERVICIOS EXENTOS POR DESTINO | U19: + | V19: =+'Detalle 607'!J39 -> 0
B20: =+B19+1 -> 6 | C20: NO SUJETAS A ITBIS POR SERVICIOS DE CONSTRUCCIÓN (Proviene de la casilla 38 del Anexo A) | U20: + | V20: ='Anexo A'!W60 -> 0
B21: =+B20+1 -> 7 | C21: NO SUJETAS A ITBIS POR COMISIONES (Proviene de la casilla 42 del Anexo A) | U21: + | V21: ='Anexo A'!W66 -> 0
B22: =+B21+1 -> 8 | C22: INGRESOS POR VENTAS LOCALES DE BIENES EXENTOS SEGÚN Párrafos III y IV, Art. 343 CT | U22: +
B23: =+B22+1 -> 9 | C23: TOTAL INGRESOS POR OPERACIONES NO GRAVADAS (Sumar casillas 2+3+4+5+6+7+8) | U23: = | V23: =ABS(+V16+V17+V18+V19+V20+V21+V22) -> 0
B24: II.B | C24: GRAVADAS
B25: =+B23+1 -> 10 | C25: TOTAL INGRESOS POR OPERACIONES GRAVADAS (Restar casillas 1-9) | U25: = | V25: =ABS(IF((V14-V23)>0,ABS((V14-V23)),0)) -> 0.32
B26: =+B25+1 -> 11 | C26: OPERACIONES GRAVADAS AL 18% | U26: = | V26: =+V25 -> 0.32
B27: =+B26+1 -> 12 | C27: OPERACIONES GRAVADAS AL 16% | U27: =
B28: =+B27+1 -> 13 | C28: OPERACIONES GRAVADAS AL 9% (Ley No. 690-16) | U28: =
B29: =+B28+1 -> 14 | C29: OPERACIONES GRAVADAS AL 8% (Ley No. 690-16) | U29: =
B30: =+B29+1 -> 15 | C30: OPERACIONES GRAVADAS POR VENTAS DE ACTIVOS DEPRECIABLES (Categoría 2 y 3) | U30: =
B31: =IF( (V26+V27+V28+V29+V30) <> V25,"La sumatoria de las casillas 11+12+13+14+15 debe ser igual al valor de la casilla 10.","")
B32: III. | C32: LIQUIDACIÓN | V32: MONTO
B33: =B30+1 -> 16 | C33: ITBIS COBRADO (18% de la casilla 11) | U33: + | V33: =ABS(+V26*18%) -> 0.0576
B34: =+B33+1 -> 17 | C34: ITBIS COBRADO (16% de la casilla 12) | U34: + | V34: =ABS(+V27*16%) -> 0
B35: =+B34+1 -> 18 | C35: ITBIS COBRADO (9% de la casilla 13) (Ley No. 690-16) | U35: + | V35: =ABS(V28*9%) -> 0
B36: =+B35+1 -> 19 | C36: ITBIS COBRADO (8% de la casilla 14) (Ley No. 690-16) | U36: + | V36: =ABS(V29*8%) -> 0
B37: =+B36+1 -> 20 | C37: ITBIS COBRADO POR VENTAS DE ACTIVOS DEPRECIABLES (Categoría 2 y 3) (18% de la casilla 15) | U37: + | V37: =ABS(+V30*18%) -> 0
B38: =+B37+1 -> 21 | C38: TOTAL ITBIS COBRADO (Sumar casillas 16+17+18+19+20) | U38: = | V38: =ABS(V33+V34+V35+V36+V37) -> 0.0576
B39: =+B38+1 -> 22 | C39: ITBIS PAGADO EN COMPRAS LOCALES (Proviene de la casilla 56 del Anexo A) | U39: + | V39: =+'Anexo A'!O87 -> 5894.99
B40: =+B39+1 -> 23 | C40: ITBIS PAGADO POR SERVICIOS DEDUCIBLES (Proviene de la casilla 56 del Anexo A) | U40: + | V40: =+'Anexo A'!P87 -> -5894.99
B41: =+B40+1 -> 24 | C41: ITBIS PAGADO EN IMPORTACIONES (Proviene de la casilla 56 del Anexo A) | U41: + | V41: =+'Anexo A'!T87 -> 0
B42: =+B41+1 -> 25 | C42: TOTAL ITBIS DEDUCIBLE (Sumar casillas 22+23+24) | U42: = | V42: =ABS(V39+V40+V41) -> 0
B43: =+B42+1 -> 26 | C43: IMPUESTO A PAGAR (Si el valor de las casillas 21-25 es Positivo) | U43: = | V43: =ABS(IF((V38-V42)>0,((V38-V42)),0)) -> 0.0576
B44: =+B43+1 -> 27 | C44: SALDO A FAVOR (Si el valor de las casillas 21-25 es Negativo) | U44: = | V44: =ABS(IF((V38-V42)<0,(V38-V42),0)) -> 0
B45: =+B44+1 -> 28 | C45: SALDOS COMPENSABLES AUTORIZADOS (Otros Impuestos) Y/O REEMBOLSOS | U45: ±
B46: =+B45+1 -> 29 | C46: SALDO A FAVOR ANTERIOR | U46: - | V46: =+'Saldo a favor'!L14 -> 0
B47: =+B46+1 -> 30 | C47: TOTAL PAGOS COMPUTABLES POR RETENCIONES (Proviene de la casilla 33 del Anexo A) | U47: - | V47: ='Anexo A'!W53 -> 0
B48: =+B47+1 -> 31 | C48: OTROS PAGOS COMPUTABLES A CUENTA | U48: - | V48: =+'Pago a Cuentas'!L24 -> 0
B49: =+B48+1 -> 32 | C49: COMPENSACIONES Y/O REEMBOLSOS AUTORIZADOS | U49: +
B50: =+B49+1 -> 33 | C50: DIFERENCIA A PAGAR (Si el valor de las casillas 26-28-29-30-31-32 es Positivo) | U50: = | V50: =ABS(IF((V43-V45-V46-V47-V48+V49)>0,((V43-V45-V46-V47-V48+V49)),0)) -> 0.0576
B51: =+B50+1 -> 34 | C51: NUEVO SALDO A FAVOR (Si el valor de las casillas (26-28-29-30-31-32 es Negativo) ó (27+28+29+30+31+32)) | U51: = | V51: =ABS(IF((V44+V45+V46+V47+V48-V49)>=V43,((V44+V45+V46+V47+V48-V49-V43)),0)) -> 0
B53: IV. | C53: PENALIDADES | T53: % | V53: MONTO
B54: =+B51+1 -> 35 | C54: RECARGOS | U54: + | V54: =ABS(+V50*T54) -> 0
B55: =+B54+1 -> 36 | C55: INTERÉS INDEMNIZATORIO | U55: + | V55: =ABS(+V50*T55) -> 0
B56: =+B55+1 -> 37 | C56: SANCIONES | U56: +
B58: V. | C58: MONTO A PAGAR | V58: MONTO
B59: =+B56+1 -> 38 | C59: TOTAL A PAGAR (Sumar casillas 33+35+36+37) | U59: = | V59: =ABS(V50+V54+V55+V56) -> 0.0576
B61: A. | C61: ITBIS RETENIDO / ITBIS PERCIBIDO | V61: MONTO
B62: =B59+1 -> 39 | C62: SERVICIOS SUJETOS A RETENCIÓN PERSONAS FÍSICAS | U62: + | V62: =+'Detalle 606'!D178 -> 0
B63: =+B62+1 -> 40 | C63: SERVICIOS SUJETOS A RETENCIÓN ENTIDADES NO LUCRATIVAS (Norma No. 01-11) | U63: +
B64: =+B63+1 -> 41 | C64: TOTAL SERVICIOS SUJETOS A RETENCIÓN A PERSONAS FÍSICAS Y ENTIDADES NO LUCRATIVAS | U64: = | V64: =V62+V63 -> 0
B65: =+B64+1 -> 42 | C65: SERVICIOS SUJETOS A RETENCIÓN SOCIEDADES (Norma No. 07-09) | U65: =
B66: =+B65+1 -> 43 | C66: SERVICIOS SUJETOS A RETENCIÓN SOCIEDADES (Norma No. 02-05 y 07-07) | U66: = | V66: =+'Detalle 606'!C177 -> 0
B67: =+B66+1 -> 44 | C67: BIENES O SERVICIOS SUJETOS A RETENCIÓN A CONTRIBUYENTES ACOGIDOS AL PST (Operaciones Gravadas al 18%) | U67: + | V67: =+'Detalle 606'!D179 -> 0
B68: =+B67+1 -> 45 | C68: BIENES O SERVICIOS SUJETOS A RETENCIÓN A CONTRIBUYENTES ACOGIDOS AL PST (Operaciones Gravadas al 16%) | U68: +
B69: =+B68+1 -> 46 | C69: TOTAL BIENES O SERVICIOS SUJETOS A RETENCIÓN A CONTRIBUYENTES ACOGIDOS AL PST (Sumar casillas 44+45) | U69: = | V69: =ABS(V67+V68) -> 0
B70: =+B69+1 -> 47 | C70: BIENES SUJETOS A RETENCIÓN DE COMPROBANTE DE COMPRAS (Operaciones Gravadas al 18%) (Norma No. 08-10 y 05-19) | U70: +
B71: =+B70+1 -> 48 | C71: BIENES SUJETOS A RETENCIÓN DE COMPROBANTE DE COMPRAS (Operaciones Gravadas al 16%) (Norma No. 08-10 y 05-19) | U71: +
B72: =+B71+1 -> 49 | C72: TOTAL BIENES SUJETOS A RETENCIÓN COMPROBANTES DE COMPRAS (Norma No. 05-19) (Sumar casillas 47+48) | U72: = | V72: =ABS(V70+V71) -> 0
B73: =+B72+1 -> 50 | C73: ITBIS POR SERVICIOS SUJETOS A RETENCIÓN PERSONAS FÍSICAS Y ENTIDADES NO LUCRATIVAS (18% de la casilla 41) | U73: + | V73: =ABS(V64*18%) -> 0
B74: =+B73+1 -> 51 | C74: ITBIS POR SERVICIOS SUJETOS A RETENCIÓN SOCIEDADES (18% de la casilla 42) (Norma No. 07-09) | U74: + | V74: =ABS(V65*18%) -> 0
B75: =+B74+1 -> 52 | C75: ITBIS POR SERVICIOS SUJETOS A RETENCIÓN SOCIEDADES (18% de la casilla 43 por 0.30) (Norma No. 02-05 y 07-07) | U75: + | V75: =ABS(V66*18%)*0.3 -> 0
B76: =+B75+1 -> 53 | C76: ITBIS RETENIDO A CONTRIBUYENTES ACOGIDOS AL PST (18% de la casilla 44) | U76: + | V76: =ABS(V67*18%) -> 0
B77: =+B76+1 -> 54 | C77: ITBIS RETENIDO A CONTRIBUYENTES ACOGIDOS AL PST (16% de la casilla 45) | U77: + | V77: =ABS(V68*16%) -> 0
B78: =+B77+1 -> 55 | C78: TOTAL ITBIS RETENIDO A CONTRIBUYENTES ACOGIDOS AL PST (Sumar casillas 53+54) | U78: = | V78: =ABS(V76+V77) -> 0
B79: =+B78+1 -> 56 | C79: ITBIS POR BIENES SUJETOS A RETENCIÓN DE COMPROBANTE DE COMPRAS (18% de la casilla 47) (Norma No. 08-10 y 05-19) | U79: +
B80: =+B79+1 -> 57 | C80: ITBIS POR BIENES SUJETOS A RETENCIÓN DE COMPROBANTE DE COMPRAS (16% de la casilla 48) (Norma No. 08-10 y 05-19) | U80: +
B81: =+B80+1 -> 58 | C81: TOTAL POR BIENES SUJETOS A RETENCIÓN DE COMPROBANTES DE COMPRAS (Sumar casillas 56+57) | U81: = | V81: =ABS(V79+V80) -> 0
B82: =+B81+1 -> 59 | C82: TOTAL ITBIS PERCIBIDO EN VENTA | U82: =
B83: =+B82+1 -> 60 | C83: IMPUESTO A PAGAR (Sumar casillas 50+51+52+55+58+59) | U83: = | V83: =ABS(V73+V74+V75+V78+V81+V82) -> 0
B84: =+B83+1 -> 61 | C84: PAGOS COMPUTABLES A CUENTA | U84: -
B85: =+B84+1 -> 62 | C85: DIFERENCIA A PAGAR (Si el valor de las casillas 60-61 es Positivo) | U85: = | V85: =IF((V83-V84)>0,ABS((V83-V84)),0) -> 0
B86: =+B85+1 -> 63 | C86: NUEVO SALDO A FAVOR (Si el valor de las casillas 60-61 es Negativo) | U86: = | V86: =IF((V83-V84)<0,ABS((V83-V84)),0) -> 0
B88: B. | C88: PENALIDADES | T88: % | V88: MONTO
B89: =+B86+1 -> 64 | C89: RECARGOS | U89: + | V89: =ABS(V85*T89) -> 0
B90: =+B89+1 -> 65 | C90: INTERÉS INDEMNIZATORIO | U90: + | V90: =ABS(V85*T90) -> 0
B91: =+B90+1 -> 66 | C91: SANCIONES | U91: +
B93: C. | C93: MONTO A PAGAR | V93: MONTO
B94: =+B91+1 -> 67 | C94: TOTAL A PAGAR (Sumar casillas 62+64+65+66) | U94: = | V94: =ABS(V85+V89+V90+V91) -> 0
B95: =IF( OR((V79) > ((V70*18%)*75%), (V80) > ((V71*16%)*75%)),"La Retención de Comprobantes de Compras (Casillas 57 y 58) no puede ser menor al 75% del 18% o 16% de Bienes sujetos a Retención de Comprobantes de Compras (Casilla 47 y 48).","")
B96: =+B94+1 -> 68 | C96: TOTAL GENERAL (Sumar casillas 38+67) | U96: = | V96: =V59+V94 -> 0.0576
C99: JURAMENTO
B101: Yo, | L101: en mi calidad de | O101: por la presente afirmo bajo juramento que los datos consignados en la presente declaración son correctos y completos
B102: y que no he omitido ni falseado dato alguno que la misma deba contener, siendo en consecuencia todo su contenido la fiel expresión de la verdad.
C104: Fecha | G104: Firma
C106: PARA USO DE LA DGII
C108: Fecha de Pago | H108: No. Recibo de Pago | P108: Fecha Límite de Pago
R111: Firma del Cajero

Sheet Anexo A
E2: DIRECCIÓN GENERAL DE IMPUESTOS INTERNOS
E3: DECLARACIÓN JURADA Y/O PAGO DEL IMPUESTO SOBRE LAS TRANSFERENCIAS DE BIENES INDUSTRIALIZADOS Y SERVICIOS (ITBIS)
O4: 5
B5: I. | C5: DATOS GENERALES | Z5: =+IF(#REF!="",1,2) -> #REF!
C6: RNC/CÉDULA | I6: RAZÓN SOCIAL/NOMBRE | Q6: NOMBRE COMERCIAL
D9: CORREO ELECTRÓNICO | M9: TELÉFONO | Q9: PERÍODO (MES/AÑO) | T9: FECHA LÍMITE DE PAGO | W9: TIPO DE DECLARACIÓN
W10: NORMAL
B14: II. | C14: OPERACIONES REPORTADAS EN EL 607/LIBRO DE VENTAS POR TIPO DE NCF | T14: CANTIDAD | W14: MONTO
B15: 1 | C15: COMPROBANTES VÁLIDO PARA CRÉDITO FISCAL (01) | T15: =+'Detalle 607'!B46 -> 0 | V15: + | W15: =+'Detalle 607'!C46 -> 0
B16: =+B15+1 -> 2 | C16: COMPROBANTES DE CONSUMO (02) | T16: =+'Detalle 607'!B47 -> 0 | V16: + | W16: =+'Detalle 607'!C47+0.32 -> 0.32
B17: =+B16+1 -> 3 | C17: COMPROBANTES NOTA DE DÉBITO (03) | V17: +
B18: =+B17+1 -> 4 | C18: COMPROBANTES NOTA DE CRÉDITO (04) | T18: =+'Detalle 607'!B48 -> 0 | V18: - | W18: =+'Detalle 607'!C48 -> 0
B19: =+B18+1 -> 5 | C19: COMPROBANTES REGISTRO ÚNICO DE INGRESOS (12) | V19: +
B20: =+B19+1 -> 6 | C20: COMPROBANTES REGISTRO REGIMENES ESPECIALES (14) | T20: =+'Detalle 607'!B49 -> 0 | V20: + | W20: =+'Detalle 607'!C49 -> 0
B21: =+B20+1 -> 7 | C21: COMPROBANTES GUBERNAMENTALES (15) | T21: =+'Detalle 607'!B50 -> 0 | V21: + | W21: =+'Detalle 607'!C50 -> 0
B22: =+B21+1 -> 8 | C22: º+ | V22: +
B23: =+B22+1 -> 9 | C23: OTRAS OPERACIONES (POSITIVAS) | T23: =+'Detalle 607'!B48 -> 0 | V23: + | W23: =+W18 -> 0
B24: =+B23+1 -> 10 | C24: OTRAS OPERACIONES (NEGATIVAS) | V24: -
B25: =+B24+1 -> 11 | C25: TOTAL OPERACIONES (Sumar casillas 1+2+3-4+5+6+7+8+9-10) | V25: = | W25: =W15+W16+W17+W19+W20+W21+W22+W23-W18-W24 -> 0.32
B27: III. | C27: OPERACIONES REPORTADAS EN EL 607/LIBRO DE VENTAS POR TIPO DE VENTA (MONTO TOTAL INCLUYENDO IMPUESTOS) | W27: MONTO BRUTO
B28: =+B25+1 -> 12 | C28: EFECTIVO | V28: + | W28: =+'Detalle 607'!E51 -> 0
B29: =+B28+1 -> 13 | C29: CHEQUE / TRANSFERENCIA | V29: + | W29: =+'Detalle 607'!F51 -> 0
B30: =+B29+1 -> 14 | C30: TARJETA DÉBITO / CRÉDITO | V30: + | W30: =+'Detalle 607'!G51 -> 0
B31: =+B30+1 -> 15 | C31: A CRÉDITO | V31: + | W31: =+'Detalle 607'!H51 -> 0
B32: =+B31+1 -> 16 | C32: BONOS O CERTIFICADO DE REGALO | V32: +
B33: =+B32+1 -> 17 | C33: PERMUTAS | V33: +
B34: =+B33+1 -> 18 | C34: OTRAS FORMAS DE VENTA | V34: +
B35: =+B34+1 -> 19 | C35: TOTAL OPERACIONES POR TIPO DE VENTA (Sumar casillas 12+13+14+15+16+17+18) | V35: = | W35: =ABS(SUM(W28:X34)) -> 0
B37: IV. | C37: OPERACIONES REPORTADAS EN EL 607/LIBRO DE VENTAS POR TIPO DE INGRESO | W37: MONTO
B38: =+B35+1 -> 20 | C38: INGRESOS POR OPERACIONES (NO FINANCIEROS) | V38: + | W38: =+W25 -> 0.32
B39: =+B38+1 -> 21 | C39: INGRESOS FINANCIEROS | V39: +
B40: =+B39+1 -> 22 | C40: INGRESOS EXTRAORDINARIOS | V40: +
B41: =+B40+1 -> 23 | C41: INGRESOS POR ARRENDAMIENTOS | V41: +
B42: =+B41+1 -> 24 | C42: INGRESOS POR VENTAS DE ACTIVOS DEPRECIABLES | V42: +
B43: =+B42+1 -> 25 | C43: OTROS INGRESOS | V43: +
B44: =+B43+1 -> 26 | C44: TOTAL POR TIPO DE INGRESO (Sumar casillas 20+21+22+23+24+25) | V44: = | W44: =ABS(SUM(W38:X43)) -> 0.32
B46: V. | C46: PAGOS COMPUTABLES POR RETENCIONES/PERCEPCIÓN | W46: MONTO
B47: =B44+1 -> 27 | C47: PAGOS COMPUTABLES POR RETENCIONES (Norma No. 08-04) | V47: + | W47: =+'Norma 8-04'!K9 -> 0
B48: =+B47+1 -> 28 | C48: PAGOS COMPUTABLES POR VENTAS DE PASAJES DE TRANSPORTE AÉREO (Norma No. 02-05) (BSP-IATA) | V48: +
B49: =+B48+1 -> 29 | C49: PAGOS COMPUTABLES POR OTRAS RETENCIONES (Norma No. 02-05) | V49: + | W49: =+'Detalle 607'!J43 -> 0
B50: =+B49+1 -> 30 | C50: PAGOS COMPUTABLES POR VENTAS DE PAQUETES DE ALOJAMIENTO Y OCUPACIÓN | V50: +
B51: =+B50+1 -> 31 | C51: CRÉDITO POR RETENCIÓN REALIZADA POR ENTIDADES DEL ESTADO | V51: +
B52: =+B51+1 -> 32 | C52: PAGOS COMPUTABLES POR ITBIS PERCIBIDO | V52: +
B53: =+B52+1 -> 33 | C53: TOTAL PAGOS COMPUTABLES POR RETENCIONES/PERCEPCIÓN (Sumar casillas 27+28+29+30+31+32) | V53: = | W53: =ABS(SUM(W47:X52)) -> 0
B55: VI. | C55: OPERACIONES DE CONSTRUCTORAS | T55: TOTAL FACTURADO | W55: MONTO
B56: =B53+1 -> 34 | C56: DIRECCIÓN TÉCNICA (Art. 4 Norma 07-07) | S56: + | V56: + | W56: =T56*10% -> 0
B57: =+B56+1 -> 35 | C57: CONTRATO DE ADMINISTRACIÓN (Art. 4 Párrafo I, Norma 07-07) | S57: + | V57: +
B58: =+B57+1 -> 36 | C58: ASESORIAS / HONORARIOS | V58: +
B59: =+B58+1 -> 37 | C59: TOTAL OPERACIONES CONSTRUCTORAS (Total Facturado: Sumar casillas 34+35, Monto: Sumar casillas 34+35+36) | S59: = | T59: =ABS(SUM(T56:U57)) -> 0 | V59: = | W59: =ABS(SUM(W56:X58)) -> 0
B60: =B59+1 -> 38 | C60: OPERACIONES NO SUJETAS A ITBIS POR SERVICIOS DE CONSTRUCCIÓN (Restar Casilla 37 Total Facturado - Monto Sujeto a ITBIS) | V60: = | W60: =IF(T59-W59<0,0,T59-W59) -> 0
B62: VII. | C62: OPERACIONES DE COMISIONISTAS | T62: TOTAL FACTURADO | W62: MONTO
B63: =+B60+1 -> 39 | C63: VENTAS DE BIENES POR COMISIÓN | S63: + | V63: +
B64: =+B63+1 -> 40 | C64: VENTAS DE SERVICIOS EN NOMBRE DE TERCEROS | S64: + | V64: +
B65: =B64+1 -> 41 | C65: TOTAL OPERACIONES COMISIONISTAS (Sumar casillas 39+40) | S65: = | T65: =ABS(SUM(T63:U64)) -> 0 | V65: = | W65: =ABS(SUM(W63:X64)) -> 0
B66: =B65+1 -> 42 | C66: OPERACIONES NO SUJETAS A ITBIS POR COMISIONES (Restar Casilla 41 Total Facturado - Monto Sujeto a ITBIS) | V66: = | W66: =IF(T65-W65<0,0,T65-W65) -> 0
B68: VIII. | C68: DATOS INFORMATIVOS | W68: MONTO
B69: =+B66+1 -> 43 | C69: TOTAL NOTAS DE CRÉDITO EMITIDAS CON MÁS DE TREINTA (30) DÍAS DESDE LA FACTURACIÓN (Art. 338 CT) | V69: =
B70: =+B69+1 -> 44 | C70: TOTAL FACTURAS EN COMPROBANTES FISCALES PARA REGIMENES ESPECIALES (Proviene del Formato 606) | V70: =
B72: IX. | C72: ITBIS PAGADO | O72: COMPRAS LOCALES * | P72: SERVICIOS * | T72: IMPORTACIONES | W72: TOTAL
B73: A) | C73: NO DEDUCIBLE (Llevado al Costo/Gasto)
B74: =+B70+1 -> 45 | C74: EN OPERACIONES DE PRODUCTORES DE BIENES O SERVICIOS EXENTOS | W74: =SUM(O74:V74) -> 0
B75: =+B74+1 -> 46 | C75: A INCLUIR EN ACTIVOS (CATEGORÍA I) | W75: =SUM(O75:V75) -> 0
B76: =+B75+1 -> 47 | C76: OTROS ITBIS PAGADOS NO DEDUCIBLES | P76: =+'Detalle 606'!C176 -> 0 | W76: =SUM(O76:V76) -> 0
B77: =+B76+1 -> 48 | C77: TOTAL ITBIS NO DEDUCIBLE (45+46+47) | O77: =+O76 -> 0 | P77: =SUM(P74:S76) -> 0 | T77: =SUM(T74:V76) -> 0 | W77: =SUM(O77:V77) -> 0
B78: B) | C78: DEDUCIBLE
B79: =+B77+1 -> 49 | C79: EN LA PRODUCCIÓN Y/O VENTA DE BIENES EXPORTADOS | W79: =SUM(O79:V79) -> 0
B80: =+B79+1 -> 50 | C80: EN LA PRODUCCIÓN Y/O VENTA DE BIENES GRAVADOS | O80: =+'Detalle 606'!C170 -> 5894.99 | P80: =+('Imagen 606'!J9-'Anexo A'!O80) -> -5894.99 | T80: =+'Detalle Importaciones DGII'!O8 -> 0 | W80: =SUM(O80:V80) -> 0
B81: =B80+1 -> 51 | C81: EN LA PRESTACIÓN DE SERVICIOS GRAVADOS | W81: =SUM(O81:V81) -> 0
B82: =B81+1 -> 52 | C82: TOTAL ITBIS DEDUCIBLE NO SUJETO A PROPORCIONALIDAD (49+50+51) | O82: =SUM(O79:O80) -> 5894.99 | P82: =SUM(P79:S80) -> -5894.99 | T82: =SUM(T79:V81) -> 0 | W82: =SUM(O82:V82) -> 0
B83: C) | C83: ITBIS SUJETO A PROPORCIONALIDAD (Art. 349 de Código Tributario)
B84: =B82+1 -> 53 | C84: ITBIS SUJETO A PROPORCIONALIDAD | P84: =+'Detalle 606'!D172 -> 0 | W84: =SUM(O84:V84) -> 0
B85: =B84+1 -> 54 | C85: COEFICIENTE DE PROPORCIONALIDAD ((((Casillas 2 + 5 + 10 del IT1) / Casilla 1 del IT1)) * 100) Si aplica. | W85: =IF('IT-1'!V17+'IT-1'!V18+'IT-1'!V22+'IT-1'!V20+'IT-1'!V21=0,0,IFERROR(('IT-1'!V16+'IT-1'!V19+'IT-1'!V25)/'IT-1'!V14,0)) -> 0 | JB85: =100-63.81 -> 36.19
B86: =B85+1 -> 55 | C86: ITBIS ADMITIDO POR APLICACIÓN DE PROPORCIONALIDAD (Casillas 53 * 54) | O86: =+O84*W85 -> 0 | P86: =+P84*W85 -> 0 | T86: =+T84*W85 -> 0 | W86: =SUM(O86:V86) -> 0
B87: =+B86+1 -> 56 | C87: TOTAL ITBIS DEDUCIBLE (52+55) | O87: =O82+O86 -> 5894.99 | P87: =P82+P86 -> -5894.99 | T87: =T82+T86 -> 0 | W87: =SUM(O87:V87) -> 0
B88: Nota: * Proviene del Formato de Envío de Datos 606.

Sheet Pago a Cuentas

Sheet Norma 8-04

Sheet Saldo a favor

Sheet  608
A1: Número de Comprobante Fiscal | C1: Fecha de Comprobante | D1: Tipo de Anulación

Sheet Imagen 608
A1: Nota:
A2: Colocar la constancia de envio de datos 608

Sheet Imagen 606
I5: Informaciones | J5: 606 | K5: Anexo A / IT-1 | L5: Diferencias | M5: Comentarios
I6: Total Monto Facturado | K6: =+Tabla1[[#Totals],[Monto Facturado en Servicios]]+Tabla1[[#Totals],[Monto Facturado en Bienes]] -> 0 | L6: =+J6-K6 -> 0 | M6: Nota de Credito | O6: =+L6/2 -> 0
I7: ITBIS Facturado | K7: =+Tabla1[[#Totals],[ITBIS Facturado]] -> 0 | L7: =+J7-K7 -> 0
I8: ITBIS Retenido | K8: =+'IT-1'!V94 -> 0 | L8: =+J8-K8 -> 0
I9: ITBIS por Adelantar | K9: =+'Anexo A'!W87 -> 0 | L9: =+J9-K9 -> 0 | M9: ITBIS EN IMPORTACIONES
I10: ITBIS Llevado al costo | K10: {=+'Anexo A'!W76:X76} -> 0 | L10: 0
I11: Monto Retención Renta | J11: 0 | K11: =+J11-Tabla1[[#Totals],[Monto Retención Renta]] -> 0 | L11: =+J11-Tabla1[[#Totals],[Monto Retención Renta]] -> 0
I12: ITBIS Sujeto a Proporcionalidad (Art. 349) | K12: =+'Anexo A'!W84 -> 0 | L12: =+J12-K12 -> 0
I13: ITBIS Percibido en Compras
I14: ISR percibido en Compras

Sheet Detalle 606
A1: RNC o Cédula | B1: Tipo Id | C1: Tipo Bienes y Servicios Comprados | D1: NCF | E1: NCF ó Documento Modificado | F1: Fecha Comprobante | G1: Columna1 | H1: Fecha Pago | I1: Columna2 | J1: Monto Facturado en Servicios | K1: Monto Facturado en Bienes | L1: Total Monto Facturado | M1: ITBIS Facturado | N1: ITBIS Retenido | O1: ITBIS sujeto a Proporcionalidad (Art. 349) | P1: ITBIS llevado al Costo | Q1: ITBIS por Adelantar | R1: ITBIS percibido en compras | S1: Tipo de Retención en ISR | T1: Monto Retención Renta | U1: ISR Percibido en compras | V1: Impuesto Selectivo al Consumo | W1: Otros Impuesto/Tasas | X1: Monto Propina Legal | Y1: Forma de Pago
Y19: 03 - TARJETA CRÉDITO/DÉBITO
Y20: 03 - TARJETA CRÉDITO/DÉBITO
Y21: 03 - TARJETA CRÉDITO/DÉBITO
Y22: 03 - TARJETA CRÉDITO/DÉBITO
Y23: 03 - TARJETA CRÉDITO/DÉBITO
Y24: 03 - TARJETA CRÉDITO/DÉBITO
Y25: 03 - TARJETA CRÉDITO/DÉBITO
Y26: 03 - TARJETA CRÉDITO/DÉBITO
Y27: 03 - TARJETA CRÉDITO/DÉBITO
Y28: 03 - TARJETA CRÉDITO/DÉBITO
Y29: 03 - TARJETA CRÉDITO/DÉBITO
Y30: 03 - TARJETA CRÉDITO/DÉBITO
... Y160: 02 - CHEQUES/TRANSFERENCIAS/DEPÓSITO
A167: Total | B167: =SUBTOTAL(103,Tabla1[Tipo Id]) -> 0 | J167: =SUBTOTAL(109,Tabla1[Monto Facturado en Servicios]) -> 0 | K167: =SUBTOTAL(109,Tabla1[Monto Facturado en Bienes]) -> 0 | L167: =SUBTOTAL(109,Tabla1[Total Monto Facturado]) -> 0 | M167: =SUBTOTAL(109,Tabla1[ITBIS Facturado]) -> 0 | N167: =SUBTOTAL(109,Tabla1[ITBIS Retenido]) -> 0 | O167: =SUBTOTAL(109,Tabla1[ITBIS sujeto a Proporcionalidad (Art. 349)]) -> 0 | P167: =SUBTOTAL(109,Tabla1[ITBIS llevado al Costo]) -> 0 | Q167: =SUBTOTAL(109,Tabla1[ITBIS por Adelantar]) -> 0 | R167: =SUBTOTAL(109,Tabla1[ITBIS percibido en compras]) -> 0 | T167: =SUBTOTAL(109,Tabla1[Monto Retención Renta]) -> 0 | V167: =SUBTOTAL(109,Tabla1[Impuesto Selectivo al Consumo]) -> 0 | W167: =SUBTOTAL(109,Tabla1[Otros Impuesto/Tasas]) -> 0 | X167: =SUBTOTAL(109,Tabla1[Monto Propina Legal]) -> 0
A170: ITBIS Bienes | C170: 5894.99 | E170: Prueba | F170: Prueba cruzada con contabilidad
A171: ITBIS en Servicio | C171: 0 | D171: =+'Imagen 606'!J9-'Detalle 606'!D170 -> 0 | N171: =+M171*L169 -> 0
A172: Total ITBIS | C172: =+C170+C171 -> 5894.99 | E172: =+C172-Tabla1[[#Totals],[ITBIS Facturado]] -> 5894.99 | F172: =+C172-'Imagen 606'!J9 -> 5894.99 | M172: =+Tabla1[[#Totals],[ITBIS Facturado]]+Tabla1[[#Totals],[ITBIS Retenido]] -> 0
A173: ITBIS NO sujeto a la proporcionalidad Compras | C173: =+C170*'Detalle 607'!F42 -> 0
A174: ITBIS NO sujeto a la proporcionalidad Servicios | C174: =+C171*'Detalle 607'!F42 -> 0
A175: Total ITBIS NO sujeto a proporcionalidad | C175: =+C173+C174 -> 0
A176: itbis llevado al costo | C176: =+Tabla1[[#Totals],[ITBIS llevado al Costo]] -> 0 | E176: =+Tabla1[[#Totals],[ITBIS llevado al Costo]]-'Imagen 606'!J10 -> 0
A177: Retencion PJ ITBIS 30% | E177: =+(C177*18%)*30% -> 0 | G177: =+E177-'Detalle ITBIS RET. 30%'!G8 -> 0
A178: Retencion PF ITBIS 100% | C178: =+Tabla1[[#Totals],[ITBIS Retenido]] -> 0 | D178: =+C178/100%/0.18 -> 0 | E178: 0 | G178: =+E178-'Detalle IR-17 (IR-6)'!Q48 -> 0
A179: Retencion RST ITBIS 100% | C179: 0 | D179: =+C179/100%/0.18 -> 0

Sheet Detalle 607
A1: No | B1: RNC/Cédula o Pasaporte | C1: Tipo Identificación | D1: Número Comprobante Fiscal | E1: Número Comprobante Fiscal Modificado | F1: Tipo de Ingreso | G1: Fecha Comprobante | H1: Fecha de Retención | I1: Monto Facturado | J1: ITBIS Facturado | K1: ITBIS Retenido por Terceros | L1: ITBIS Percibido | M1: Retención Renta por Terceros | N1: ISR Percibido | O1: Impuesto Selectivo al Consumo | P1: Otros Impuestos/Tasas | Q1: Monto Propina Legal | R1: Efectivo | S1: Cheque/ Transferencia/ Depósito | T1: Tarjeta Débito/Crédito | U1: Venta a Crédito | V1: Bonos o Certificados de Regalo | W1: Permuta | X1: Otras Formas de Ventas | Y1: Estatus
M26: =+Tabla4[[#This Row],[ITBIS Facturado]]/Tabla4[[#This Row],[Monto Facturado]] -> #DIV/0!
M27: =+Tabla4[[#This Row],[ITBIS Facturado]]/Tabla4[[#This Row],[Monto Facturado]] -> #DIV/0! | V27: 0 | W27: 0 | X27: 0
M28: =+Tabla4[[#This Row],[ITBIS Facturado]]/Tabla4[[#This Row],[Monto Facturado]] -> #DIV/0! | V28: 0 | W28: 0 | X28: 0
M29: =+Tabla4[[#This Row],[ITBIS Facturado]]/Tabla4[[#This Row],[Monto Facturado]] -> #DIV/0! | V29: 0 | W29: 0 | X29: 0
M30: =+Tabla4[[#This Row],[ITBIS Facturado]]/Tabla4[[#This Row],[Monto Facturado]] -> #DIV/0! | V30: 0 | W30: 0 | X30: 0
M31: =+Tabla4[[#This Row],[ITBIS Facturado]]/Tabla4[[#This Row],[Monto Facturado]] -> #DIV/0!
M32: =+Tabla4[[#This Row],[ITBIS Facturado]]/Tabla4[[#This Row],[Monto Facturado]] -> #DIV/0!
M33: =+Tabla4[[#This Row],[ITBIS Facturado]]/Tabla4[[#This Row],[Monto Facturado]] -> #DIV/0!
M34: =+Tabla4[[#This Row],[ITBIS Facturado]]/Tabla4[[#This Row],[Monto Facturado]] -> #DIV/0!
M35: =+Tabla4[[#This Row],[ITBIS Facturado]]/Tabla4[[#This Row],[Monto Facturado]] -> #DIV/0!
A36: Total | D36: =SUBTOTAL(103,Tabla4[Número Comprobante Fiscal]) -> 0 | I36: =SUBTOTAL(109,Tabla4[Monto Facturado]) -> 0 | J36: =SUBTOTAL(109,Tabla4[ITBIS Facturado]) -> 0 | K36: =SUBTOTAL(109,Tabla4[ITBIS Retenido por Terceros]) -> 0 | R36: =SUBTOTAL(109,Tabla4[Efectivo]) -> 0 | S36: =SUBTOTAL(109,Tabla4[Cheque/ Transferencia/ Depósito]) -> 0 | T36: =SUBTOTAL(109,Tabla4[Tarjeta Débito/Crédito]) -> 0 | U36: =SUBTOTAL(109,Tabla4[Venta a Crédito]) -> 0 | V36: =SUBTOTAL(109,Tabla4[Bonos o Certificados de Regalo]) -> 0 | X36: =SUBTOTAL(109,Tabla4[Otras Formas de Ventas]) -> 0
I37: =SUM(I2:I35) -> 0 | J37: =SUM(J2:J35) -> 0 | K37: =SUM(L2:L35) -> 0 | S37: =SUM(Tabla4[Cheque/ Transferencia/ Depósito]) -> 0 | U37: =SUM(V2:V35) -> 0
I39: Fact. Sin ITBIS
I40: Facturación | J40: =+J36/0.18 -> 0
D41: ITBIS Llevado al costo | I41: Total Fact. | J41: =SUM(J39:J40) -> 0
D42: ITBIS NO Proporcionalidad | I42: ITBIS Fact. | J42: =+J37 -> 0
I43: ITBIS Ret. Por terceros | J43: =+K36 -> 0
A45: Tipo de Comprobante | B45: Cantidad | C45: Monto | D45: ITBIS | E45: Efectivo | F45: Transferencia | G45: Tarjeta | H45: Credito | I45: Prueba
A46: B01 | B46: =+COUNTIF($D$2:$D$35,"B01*") -> 0 | C46: =+SUMIF($D$2:$D$35,"B01*",$I$2:$I$35) -> 0 | D46: =+SUMIF($D$2:$D$35,"B01*",$J$2:$J$35) -> 0 | E46: =+SUMIF($D$2:$D$35,"B01*",R2:R35) -> 0 | F46: =+SUMIF($D$2:$D$35,"B01*",S2:S35) -> 0 | G46: =+SUMIF($D$2:$D$35,"B01*",T2:T35) -> 0 | H46: =+C46+D46 -> 0 | I46: =+C46+D46-E46-F46-G46-H46 -> 0
A47: B02 | B47: =+COUNTIF($D$2:$D$35,"B02*") -> 0 | C47: =+SUMIF($D$2:$D$35,"B02*",$I$2:$I$35) -> 0 | D47: =+SUMIF($D$2:$D$35,"B02*",$J$2:$J$35) -> 0 | E47: =+SUMIF($D$2:$D$35,"B02*",R2:R35) -> 0 | F47: =+SUMIF($D$2:$D$35,"B02*",S2:S35) -> 0 | G47: =+SUMIF($D$2:$D$35,"B02*",T2:T35) -> 0 | H47: =+C47+D47 -> 0 | I47: =+C47+D47-E47-F47-G47-H47 -> 0
A48: B04 | B48: =+COUNTIF($D$2:$D$35,"B04*") -> 0 | C48: =+SUMIF($D$2:$D$35,"B04*",$I$2:$I$35) -> 0 | D48: =+SUMIF($D$2:$D$35,"B04*",$J$2:$J$35) -> 0 | E48: =+SUMIF($D$2:$D$35,"B04*",R2:R35) -> 0 | F48: =+SUMIF($D$2:$D$35,"B04*",S2:S35) -> 0 | G48: =+SUMIF($D$2:$D$35,"B04*",T2:T35) -> 0 | H48: 0 | I48: =+C48+D48-E48-F48-G48-H48 -> 0
A49: B14 | B49: =+COUNTIF($D$2:$D$35,"B14*") -> 0 | C49: =+SUMIF($D$2:$D$35,"B14*",$I$2:$I$35) -> 0 | D49: =+SUMIF($D$2:$D$35,"B14*",$J$2:$J$35) -> 0 | E49: =+SUMIF($D$2:$D$35,"B14*",R2:R35) -> 0 | F49: =+SUMIF($D$2:$D$35,"B14*",$R$2:$R$35) -> 0 | G49: =+SUMIF($D$2:$D$35,"B14*",$R$2:$R$35) -> 0 | H49: 0 | I49: =+C49+D49-E49-F49-G49-H49 -> 0
A50: B15 | B50: =+COUNTIF($D$2:$D$35,"B15*") -> 0 | C50: =+SUMIF($D$2:$D$35,"B15*",$I$2:$I$35) -> 0 | D50: =+SUMIF($D$2:$D$35,"B15*",$J$2:$J$35) -> 0 | E50: =+SUMIF($D$2:$D$35,"B15*",R2:R35) -> 0 | F50: =+SUMIF($D$2:$D$35,"B15*",S2:S35) -> 0 | G50: =+SUMIF($D$2:$D$35,"B15*",T2:T35) -> 0 | H50: 0 | I50: =+C50+D50-E50-F50-G50-H50 -> 0
A51: Totales | B51: =SUM(B46:B50) -> 0 | C51: =SUM(C46:C50)-C48-C48 -> 0 | D51: =SUM(D46:D50) -> 0 | E51: =SUM(E46:E50) -> 0 | F51: =SUM(F46:F50) -> 0 | G51: =SUM(G46:G50) -> 0 | H51: =SUM(H46:H50) -> 0
A52: ITBIS Retenido por Teceros | D52: =+J43 -> 0
I53: =+C54-J39 -> 0
A54: Ventas Exentas | C54: =+J39 -> 0
A56: Base Calculo de ITBIS | C56: =+C46-C54 -> 0 | I56: =+D46/C56 -> #DIV/0!
C61: =+C51*18% -> 0

Sheet Imagen 607
A2: Colocar el resumen de envio de datos del 607 (DGII)
M20: 607 | N20: Pruebas
L21: FACTURADO | N21: =+M21-'Detalle 607'!J41 -> 0
L22: ITBIS | N22: =+M22-'Detalle 607'!J42 -> 0
K23: ITBIS retenido por terceros | M23: 0
H47: IT-1 | I47: {=+'IT-1'!V33:X33} -> 0.0576 | J47: 0 | K47: 0
H48: Enviado 607 | I48: 229637.81
I49: =+I47-I48 -> -229637.75

Sheet Detalle ITBIS adelanto Cont. 
A2: 11040101 | Activo | ITBIS Adelantado
A4: Fecha | B4: Contab | C4: Numero | D4: Referencia | E4: Cuenta | F4: Concepto | G4: Debito | H4: Credito | I4: Balance
G63: =SUM(G5:G62) -> 0

Sheet Detalle ITBIS llevado al costo
A2: 11040101 | Activo | ITBIS llevado al gasto
A4: Fecha | B4: Contab | C4: Numero | D4: Referencia | E4: Cuenta | F4: Concepto | G4: Debito | H4: Credito | I4: Balance
G9: =SUM(G5:G8) -> 0

Sheet  Detalle 609
A1: Nombre / Razón Social | C1: Tipo ID Tributaria | D1: ID Tributaria | E1: País de Destino | F1: Tipo de Servicio Adquirido | G1: Detalle del Servicio Adquirido | H1: Parte Relacionada | I1: Número de Documento | J1: Fecha de Documento | K1: Monto Facturado | L1: Fecha de Retención ISR | M1: Renta Presunta | N1: ISR Retenido
M6: =+N6-'Detalle IR-17 (IR-6)'!P44 -> 0 | N6: =SUM(N2:N5) -> 0

Sheet Imagen 609

Sheet Detalle ITBIS RET. 30%
A2: Itbis Retenido servicios prestados (30%)
A4: Fecha | B4: Contab | C4: Numero | D4: Referencia | E4: Cuenta | F4: Concepto | G4: Debito | H4: Credito | I4: Balance
G8: =SUM(G5:G7) -> 0 | H8: =+G8-(('Detalle 606'!C177*18%)*30%) -> 0

Sheet Detalle DE LOTES DE AZUL
A2: Reporte de AZUL
A3: RNC_CEDULA_FUENTE | B3: NOMBRE | C3: PERIODO_ITBIS | D3: MONTO_FACTURADO | E3: ITBIS_PAGADO | F3: ITBIS_RETENIDO | G3: PROPINA_LEGAL
G4: 0
G5: 0
G6: 0
G7: 0
G65: =SUM(G3:G64) -> 0
F67: Facturado B02 cobrado en efectivo | G67: =+G65-'Detalle 607'!G51 -> 0

Sheet Detalle IR-17 (IR-6)
D2: DIRECCION GENERAL DE IMPUESTOS INTERNOS | R2: IR-6
D4: FORMATO PARA EL CALCULO MENSUAL DE OTRAS RETENCIONES
A5: Versión 2015
P6: HOJA | V6: DE
A8: I. DATOS GENERALES
A9: AGENTE DE RETENCION | P9: PERIODO
A10: RNC/CEDULA: | P10: MES-AÑO
A12: II. DATOS RETENCION
A13: FECHA | C13: No. CHEQUE | D13: NUMERO DE NCF | G13: NOMBRE DE LOS BENEFICIARIOS | I13: RNC/CEDULA DE IDENTIDAD O PASAPORTE | J13: DESCRIPCION TRABAJO REALIZADO | K13: CUENTA CONTABLE GASTO | L13: CODIGO CONCEPTO | M13: MONTO PAGADO | O13: BASE RET. ITBIS | P13: MONTO SUJETO A RETENCION | R13: TASA (%) | S13: ITBIS RETENIDO | T13: ISR RETENIDO | U13: ITBIS RET. PERSONA JURIDICA | V13: IMPUESTO RETENIDO
A14: MES | B14: DIA | N14: CONCEPTO | X14: Base imponible Itbis | Y14: Base Imponible IR-17 | Z14: Diferencia | AA14: Comentarios
L15: 15 | N15: =+_xlfn.XLOOKUP($L15,$A$42:$A$58,$B$42:$B$58, "👎") -> OTRAS RENTAS | P15: =+O15 -> 0 | R15: =+SUMIF(A42:A58,L15,E42:E58) -> 0.1 | S15: =+P15*18% -> 0 | T15: =+P15*R15 -> 0 | V15: =+P15*R15 -> 0 | X15: =O15 -> 0 | Y15: =P15 -> 0 | Z15: =X15-Y15 -> 0
L16: 10 | N16: =+_xlfn.XLOOKUP($L16,$A$42:$A$58,$B$42:$B$58, "👎") -> REMESAS | P16: =+O16 -> 0 | R16: =+SUMIF(A43:A59,L16,E43:E59) -> 0.27 | T16: =+P16*R16 -> 0 | V16: =+P16*R16 -> 0 | X16: =O16 -> 0 | Y16: =P16 -> 0 | Z16: =X16-Y16 -> 0
L17: 10 | N17: =+_xlfn.XLOOKUP($L17,$A$42:$A$58,$B$42:$B$58, "👎") -> REMESAS | P17: =+O17 -> 0 | R17: =+SUMIF(A44:A60,L17,E44:E60) -> 0.27 | T17: =+P17*R17 -> 0 | V17: =+P17*R17 -> 0 | X17: =O17 -> 0 | Y17: =P17 -> 0
L18: 16 | N18: =+_xlfn.XLOOKUP($L18,$A$42:$A$58,$B$42:$B$58, "👎") -> OTRAS RENTENCIONES | P18: =+O18 -> 0 | R18: =+SUMIF(A45:A61,L18,E45:E61) -> 0.02 | S18: =O18*0.18 -> 0 | T18: =+P18*R18 -> 0 | V18: =+P18*R18 -> 0 | X18: =O18 -> 0 | Y18: =P18 -> 0 | Z18: =X18-Y18 -> 0
L19: 16 | N19: =+_xlfn.XLOOKUP($L19,$A$42:$A$58,$B$42:$B$58, "👎") -> OTRAS RENTENCIONES | P19: =+O19 -> 0 | R19: =+SUMIF(A46:A62,L19,E46:E62) -> 0.02 | S19: =O19*0.18 -> 0 | T19: =+P19*R19 -> 0 | V19: =+P19*R19 -> 0 | X19: =O19 -> 0 | Y19: =P19 -> 0 | Z19: =X19-Y19 -> 0
L20: 16 | N20: =+_xlfn.XLOOKUP($L20,$A$42:$A$58,$B$42:$B$58, "👎") -> OTRAS RENTENCIONES | P20: =+O20 -> 0 | R20: =+SUMIF(A48:A64,L20,E48:E64) -> 0.02 | S20: =O20*0.18 -> 0 | T20: =+P20*R20 -> 0 | V20: =+P20*R20 -> 0 | X20: =O20 -> 0 | Y20: =P20 -> 0 | Z20: =X20-Y20 -> 0
L21: 16 | N21: =+_xlfn.XLOOKUP($L21,$A$42:$A$58,$B$42:$B$58, "👎") -> OTRAS RENTENCIONES | P21: =+O21 -> 0 | R21: =+SUMIF(A49:A65,L21,E49:E65) -> 0.02 | S21: =O21*0.18 -> 0 | T21: =+P21*R21 -> 0 | V21: =+P21*R21 -> 0 | X21: =O21 -> 0 | Y21: =P21 -> 0 | Z21: =X21-Y21 -> 0
L22: 16 | N22: =+_xlfn.XLOOKUP($L22,$A$42:$A$58,$B$42:$B$58, "👎") -> OTRAS RENTENCIONES | P22: =O22*100% -> 0 | R22: =+SUMIF(A50:A66,L22,E50:E66) -> 0.02 | S22: =O22*0.18 -> 0 | T22: =+P22*R22 -> 0 | V22: =+P22*R22 -> 0 | X22: =O22 -> 0 | Y22: =P22 -> 0 | Z22: =X22-Y22 -> 0
L23: 16 | N23: =+_xlfn.XLOOKUP($L23,$A$42:$A$58,$B$42:$B$58, "👎") -> OTRAS RENTENCIONES | P23: =O23*100% -> 0 | R23: =+SUMIF(A51:A67,L23,E51:E67) -> 0.02 | S23: =O23*0.18 -> 0 | T23: =+P23*R23 -> 0 | V23: =+P23*R23 -> 0 | X23: =O23 -> 0 | Y23: =P23 -> 0 | Z23: =X23-Y23 -> 0
L24: 16 | N24: =+_xlfn.XLOOKUP($L24,$A$42:$A$58,$B$42:$B$58, "👎") -> OTRAS RENTENCIONES | P24: =O24*100% -> 0 | R24: =+SUMIF(A52:A68,L24,E52:E68) -> 0.02 | S24: =O24*0.18 -> 0 | T24: =+P24*R24 -> 0 | V24: =+P24*R24 -> 0 | X24: =O24 -> 0 | Y24: =P24 -> 0 | Z24: =X24-Y24 -> 0
L25: 16 | N25: =+_xlfn.XLOOKUP($L25,$A$42:$A$58,$B$42:$B$58, "👎") -> OTRAS RENTENCIONES | P25: =O25*100% -> 0 | R25: =+SUMIF(A53:A69,L25,E53:E69) -> 0.02 | S25: =O25*0.18 -> 0 | T25: =+P25*R25 -> 0 | V25: =+P25*R25 -> 0 | X25: =O25 -> 0 | Y25: =P25 -> 0 | Z25: =X25-Y25 -> 0
L26: 16 | N26: =+_xlfn.XLOOKUP($L26,$A$42:$A$58,$B$42:$B$58, "👎") -> OTRAS RENTENCIONES | P26: =O26*100% -> 0 | R26: =+SUMIF(A54:A70,L26,E54:E70) -> 0.02 | S26: =O26*0.18 -> 0 | T26: =+P26*R26 -> 0 | V26: =+P26*R26 -> 0 | X26: =O26 -> 0 | Y26: =P26 -> 0 | Z26: =X26-Y26 -> 0
L27: 15 | N27: =+_xlfn.XLOOKUP($L27,$A$42:$A$58,$B$42:$B$58, "👎") -> OTRAS RENTAS | P27: =O27*100% -> 0 | R27: =+SUMIF(A55:A71,L27,E55:E71) -> 0.1 | S27: =O27*0.18 -> 0 | T27: =+P27*R27 -> 0 | V27: =+P27*R27 -> 0 | X27: =O27 -> 0 | Y27: =P27 -> 0 | Z27: =X27-Y27 -> 0
L28: 15 | N28: =+_xlfn.XLOOKUP($L28,$A$42:$A$58,$B$42:$B$58, "👎") -> OTRAS RENTAS | P28: =O28*100% -> 0 | R28: 0.1 | S28: =O28*0.18 -> 0 | T28: =+P28*R28 -> 0 | V28: =+P28*R28 -> 0 | X28: =O28 -> 0 | Y28: =P28 -> 0 | Z28: =X28-Y28 -> 0
L29: 15 | N29: =+_xlfn.XLOOKUP($L29,$A$42:$A$58,$B$42:$B$58, "👎") -> OTRAS RENTAS | P29: =O29*100% -> 0 | R29: 0.1 | S29: =O29*0.18 -> 0 | T29: =+P29*R29 -> 0 | V29: =+P29*R29 -> 0 | X29: =O29 -> 0 | Y29: =P29 -> 0 | Z29: =X29-Y29 -> 0
L30: 15 | N30: =+_xlfn.XLOOKUP($L30,$A$42:$A$58,$B$42:$B$58, "👎") -> OTRAS RENTAS | P30: =O30*100% -> 0 | R30: 0.1 | S30: =O30*0.18 -> 0 | T30: =+P30*R30 -> 0 | V30: =+P30*R30 -> 0 | X30: =O30 -> 0 | Y30: =P30 -> 0 | Z30: =X30-Y30 -> 0
N31: =+_xlfn.XLOOKUP($L31,$A$42:$A$58,$B$42:$B$58, "👎") -> 👎 | R31: =+SUMIF(A59:A75,L31,E59:E75) -> 0 | S31: =O31*0.18 -> 0 | T31: =+P31*R31 -> 0 | V31: =+P31*R31 -> 0 | X31: =O31 -> 0 | Y31: =P31 -> 0 | Z31: =X31-Y31 -> 0
N32: =+_xlfn.XLOOKUP($L32,$A$42:$A$58,$B$42:$B$58, "👎") -> 👎 | R32: =+SUMIF(A60:A76,L32,E60:E76) -> 0 | S32: =O32*0.18 -> 0 | T32: =+P32*R32 -> 0 | V32: =+P32*R32 -> 0 | X32: =O32 -> 0 | Y32: =P32 -> 0 | Z32: =X32-Y32 -> 0
N33: =+_xlfn.XLOOKUP($L33,$A$42:$A$58,$B$42:$B$58, "👎") -> 👎 | R33: =+SUMIF(A61:A77,L33,E61:E77) -> 0 | S33: =O33*0.18 -> 0 | T33: =+P33*R33 -> 0 | V33: =+P33*R33 -> 0 | X33: =O33 -> 0 | Y33: =P33 -> 0 | Z33: =X33-Y33 -> 0
N34: =+_xlfn.XLOOKUP($L34,$A$42:$A$58,$B$42:$B$58, "👎") -> 👎 | R34: =+SUMIF(A62:A78,L34,E62:E78) -> 0 | S34: =O34*0.18 -> 0 | T34: =+P34*R34 -> 0 | V34: =+P34*R34 -> 0 | X34: =O34 -> 0 | Y34: =P34 -> 0 | Z34: =X34-Y34 -> 0
N35: =+_xlfn.XLOOKUP($L35,$A$42:$A$58,$B$42:$B$58, "👎") -> 👎 | R35: =+SUMIF(A63:A79,L35,E63:E79) -> 0 | S35: =O35*0.18 -> 0 | T35: =+P35*R35 -> 0 | V35: =+P35*R35 -> 0 | X35: =O35 -> 0 | Y35: =P35 -> 0 | Z35: =X35-Y35 -> 0
N36: =+_xlfn.XLOOKUP($L36,$A$42:$A$58,$B$42:$B$58, "👎") -> 👎 | R36: =+SUMIF(A64:A80,L36,E64:E80) -> 0 | S36: =O36*0.18 -> 0 | T36: =+P36*R36 -> 0 | V36: =+P36*R36 -> 0 | X36: =O36 -> 0 | Y36: =P36 -> 0 | Z36: =X36-Y36 -> 0
K37: TOTALES (RD$) | M37: =SUM(M15:M36) -> 0 | O37: =SUM(O15:O36)-O15-O16 -> 0 | P37: =SUM(P15:Q36) -> 0 | S37: =SUM(S15:S36) -> 0 | T37: =SUM(T15:T36) -> 0 | V37: =+SUM(V15:V36) -> 0 | X37: =SUM(X15:X36) -> 0 | Y37: =SUM(Y15:Y36) -> 0 | Z37: =X37-Y37 -> 0
I40: RESUMEN DE RETENCIONES
A41: COD. | B41: CONCEPTO | C41: Aplica | D41: ITBIS Ret. | E41: TASA% | I41: COD. | J41: CONCEPTO | K41: TASA% | L41: BRUTO | O41: BASE IMP. ISR | P41: ISR | Q41: ITBIS PF | R41: ITBIS PJ
A42: 1 | B42: ALQUILERES | C42: SI | D42: 1 | E42: 0.1 | I42: 1 | J42: ALQUILERES | K42: 0.1 | L42: =SUMIF(L$15:L$36,I42,O$15:O$36) -> 0 | O42: =SUMIF(L$15:L$36,I42,P$15:P$36) -> 0 | P42: =SUMIF(L$15:L$36,I42,V$15:V$36) -> 0 | Q42: =SUMIF(L$15:L$36,I42,T$15:T$36) -> 0 | R42: =SUMIF(L$15:L$36,I42,U$15:U$36) -> 0
A43: 2 | B43: HONORARIOS POR SERVICIOS | C43: SI | D43: 1 | E43: 0.1 | I43: 2 | J43: HONORARIOS POR SERVICIOS | K43: 0.1 | L43: =SUMIF(L$15:L$36,I43,O$15:O$36) -> 0 | O43: =SUMIF(L$15:L$36,I43,P$15:P$36) -> 0 | P43: =SUMIF(L$15:L$36,I43,V$15:V$36) -> 0 | Q43: =SUMIF(L$15:L$36,I43,T$15:T$36) -> 0 | R43: =SUMIF(L$15:L$36,I43,U$15:U$36) -> 0
A44: 3 | B44: PREMIOS DE LOTERIA | E44: 0.25 | I44: 10 | J44: REMESAS | K44: 0.27 | L44: =SUMIF(L$15:L$36,I44,O$15:O$36) -> 0 | O44: =SUMIF(L$15:L$36,I44,P$15:P$36) -> 0 | P44: =SUMIF(L$15:L$36,I44,V$15:V$36) -> 0 | R44: =SUMIF(L$15:L$36,I44,U$15:U$36) -> 0
A45: 4 | B45: TRANSFERENCIA TITULOS | E45: 0.02 | I45: 16 | J45: OTRAS RENTAS | K45: 0.02 | L45: =SUMIF(L$15:L$36,I45,O$15:O$36) -> 0 | O45: =SUMIF(L$15:L$36,I45,P$15:P$36) -> 0 | P45: =SUMIF(L$15:L$36,I45,V$15:V$36) -> 0 | Q45: =+S37 -> 0 | R45: =SUMIF(L$15:L$36,I45,U$15:U$36) -> 0
A46: 5 | B46: DIVIDENDOS | E46: 0.1 | I46: 15 | J46: =+N27 -> OTRAS RENTAS | K46: 0.1 | L46: =SUMIF(L$15:L$36,I46,O$15:O$36) -> 0 | O46: =SUMIF(L$15:L$36,I46,P$15:P$36) -> 0 | P46: =SUMIF(L$15:L$36,I46,V$15:V$36) -> 0 | R46: =SUMIF(L$15:L$36,I46,U$15:U$36) -> 0
A47: 6 | B47: INTERESES A PERSONAS JURIDICAS O ENTIDADES NO RESIDENTES (LEY 253-12) | E47: 0.1
A48: 7 | B48: INTERESES A PERSONAS JURIDICAS O ENTIDADES NO RESIDENTES (LEY 57-2007 ) | E48: 0.05 | L48: =SUM(L42:L47) -> 0 | O48: =+L48 -> 0 | P48: =+V37 -> 0 | Q48: =+Q45 -> 0 | R48: =SUM(R42:R47) -> 0
A49: 8 | B49: INTERESES A PERSONAS FISICAS NO RESIDENTES (Ley 253-12) | E49: 0.1
A50: 9 | B50: INTERESES A PERSONAS FISICAS NO RESIDENTES (Leyes 57-2007 y 253-12) | E50: 0.05 | N50: Prueba | O50: =+O44+O45-O48+O46 -> 0 | P50: =+P44+P45-P48+P46 -> 0 | Q50: =+Q48-S37 -> 0
A51: 10 | B51: REMESAS | E51: 0.27
A52: 12 | B52: RETENCION POR PAGO PROVEEDORES DEL ESTADO | E52: 0.05 | Q52: =+Q48+'Detalle ITBIS RET. 30%'!#REF! -> #REF! | R52: =+Q52-'IT-1'!V85 -> #REF!
A53: 13 | B53: JUEGOS TELEFONICOS (Norma 08-2011) | E53: 0.05
A54: 14 | B54: GANANCIA DE CAPITAL (Norma 07-2011) | E54: 0.01
A55: 15 | B55: OTRAS RENTAS | E55: 0.1
A56: 16 | B56: OTRAS RENTENCIONES | C56: SI | D56: 1 | E56: 0.02
A57: 17 | B57: INTERESES PAGADOS POR ENTIDADES FINANCIERAS A PERSONAS JURIDICAS RESIDENTES (Norma 13-2011) | E57: 0.01
A58: 18 | B58: INTERESES PAGADOS POR ENTIDADES FINANCIERAS A PERSONAS FISICAS RESIDENTES (Ley 253-12) | E58: 0.1

Sheet A3-8 Proc Alternos (2)
D2: Lanco Dominicana, C. x A. | I2: A3-8 | J2: Revisado por | L2: JC
D3: PROCEDIMIENTOS ALTERNOS DE CUENTAS POR COBRAR | J3: Fecha | L3: 28/8/2008
D4: 39994 | J4: Hecho por | K4: MA | L4: HJ
J5: Fecha | K5: 40021 | L5: 25/8/2008
E7: Procedimientos Alternos
E8: Cobros Posteriores | H8: Facturas Pendientes | K8: Balance al
B9: Codigo | C9: Clientes | D9: Balance al | E9: Recibo | H9: Fecha | I9: Documento
D10: 39994 | E10: Numero | F10: Fecha | G10: Valor | H10: Emision | I10: Físico | J10: Valor | K10: 39933
A11: 72 | B11: 260025 | C11: PINTACA Y/O JUAN CARLOS SA | D11: 212692.74 | E11: 28930 | F11: 40014 | G11: 53427
A13: 79 | B13: 290080 | C13: AUTO ACABADOS PAMA | D13: 221850 | E13: 29377 | F13: 40003 | G13: =20174.25+143245.5+485.52+13000.88 -> 176906.15
A15: 3 | B15: 010119 | C15: GRUPO RAMOS (AV. MELLA) | D15: 230917.68 | E15: 30008 | F15: 40011 | G15: 63182.88 | L15: d
A17: 22 | B17: 040110 | C17: VIDRIOS Y VENTANAS DEL EST | D17: 231600.96 | E17: 29497 | F17: 40000 | G17: 17539.2
E18: 29498 | F18: 40000 | G18: 135928.8
E19: 33032 | F19: 40011 | G19: 38001.6
E20: 29483 | F20: 39995 | G20: 2338.56
A22: 2 | B22: 010172 | C22: GRUPO RAMOS - VILLA MELLA | D22: 244954 | E22: 30004 | F22: 40011 | G22: 60574.69
E23: 30007 | F23: 40011 | G23: 22009.61
A25: 56 | B25: 180203 | C25: NESTLE DOMINICANA S A | D25: 247080 | E25: 69567 | F25: 40022 | G25: 247080
A27: 60 | B27: 190105 | C27: FERRETERIA ESPINAL HERMANO | D27: 257201 | E27: 29942 | F27: 40000 | G27: 41456.91
E28: 60798 | F28: 40014 | G28: 3243.6
E29: 60803 | F29: 40018 | G29: =5622.28+1653.61 -> 7275.89
A31: 58 | B31: 070207 | C31: P Y M AUTO PAINT | D31: 262827.84 | E31: 36521 | F31: 40006 | G31: =56704.28+13839.36 -> 70543.64
E32: 36529 | F32: 40011 | G32: =8345.88+26457.72 -> 34803.6
A34: 73 | B34: 060084 | C34: SERVICIOS INDUSTRIALES RIE | D34: 262922.7 | E34: 0
A36: 38 | B36: 080033 | C36: FERRET.Y MADE.FUENTE DE AM | D36: 266115.6 | E36: 51512 | F36: 39997 | G36: =58705.28+7778.88+56233 -> 122717.16
E37: 51534 | F37: 40014 | G37: =10161.6+14254.08 -> 24415.68
E38: 51550 | F38: 40025 | G38: 9604.8
A40: 17 | B40: 040017 | C40: FERRETERIA CERAMICA ROSMER | D40: 275070.74 | E40: 33020 | F40: 40004 | G40: 39243.38
A42: 31 | B42: 070071 | C42: FERRETERIA MI RESERVA | D42: 275627.14 | E42: 36559 | F42: 40021 | G42: =25736.04+153297.42 -> 179033.46
A44: 61 | B44: 210104 | C44: FERRET. Y BLOQUES SAN MIGU | D44: 286738.08 | E44: 29996 | F44: 40004 | G44: 127475
E45: 29528 | F45: 40017 | G45: =51812+60484 -> 112296
A47: 63 | B47: 220003 | C47: ANTONIO P.HACHE (ING) CXA. | D47: 288400.39 | E47: 0
A49: 55 | B49: 180134 | C49: MARGARITA INTERNATIONAL,LT | D49: 295712.6 | E49: 27546 | F49: 39995 | G49: 98208
E50: 59784 | F50: 40024 | G50: 150256.2
A52: 35 | B52: 030095 | C52: FERRETERIA LA IMAGEN, S.A | D52: 296386.96 | E52: 0
A54: 51 | B54: 260030 | C54: MAT. DE CONST. FERRET. LUC | D54: 298807.18 | E54: 28936 | F54: 40001 | G54: 100000
E55: 28939 | F55: 40007 | G55: 71255
E56: 29252 | F56: 40021 | G56: =65855.8+53141.6 -> 118997.4
A58: 25 | B58: 050109 | C58: CASA GOYO, C. POR A. | D58: 312959.65 | E58: 28446 | F58: 40009 | G58: =10939.2+17362.05 -> 28301.25
E59: 69566 | F59: 40017 | G59: 7555.68
E60: 34505 | F60: 40021 | G60: =32817.6+16281.6+27220.8+3256.32 -> 79576.32
E61: 34507 | F61: 40021 | G61: =108571.42+37693.6 -> 146265.02
A63: 32 | B63: 070206 | C63: FERRETERIA BONAO, C X A. | D63: 324788.4 | E63: 29680 | F63: 39995 | G63: 40093.44
E64: 36532 | F64: 40014 | G64: 130229.29
E65: 36533 | F65: 40014 | G65: =91204.25+13467.45 -> 104671.7
A67: 49 | B67: 170040 | C67: LA CASA DEL TANQUE | D67: 328105.45 | E67: 29447 | F67: 40002 | G67: 22634
E68: 29448 | F68: 40002 | G68: =46374+39444 -> 85818
E69: 58267 | F69: 40003 | G69: =51037.98+3956.04+3667.98 -> 58662
E70: 58298 | F70: 40016 | G70: =9777.68+21658.32 -> 31436
E71: 58310 | F71: 40021 | G71: 116338.33
A73: 67 | B73: 240018 | C73: CENTRO FERRETERO FIDEL | D73: 339690.18 | E73: 66026 | F73: 39995 | G73: 124494.1
A75: 46 | B75: 150011 | C75: JESUS PENA GUANTE/ALCI PIN | D75: 342588.55 | E75: 0
A77: 52 | B77: 190003 | C77: NELSON O MEJIA C. POR A. | D77: 351288.04 | E77: 0
A79: 41 | B79: 260007 | C79: FERRETERIA SAN ANTONIO | D79: 355519.58 | E79: 29272 | F79: 40024 | G79: 36331.2
A81: 1 | B81: 010170 | C81: GRUPO RAMOS - SAN ISIDRO | D81: 357564.06 | E81: 30005 | F81: 07/17/2009 | G81: =83872.87+71299.08 -> 155171.95
A83: 44 | B83: 080144 | C83: INDUCA | D83: 362810.88 | E83: 0
A85: 12 | B85: 030036 | C85: HDM HISPANO DOM. DEL MUEBL | D85: 369839.68 | E85: 0
A87: 75 | B87: 260029 | C87: CENTRO FERRETERO LINARES | D87: 386323.51 | E87: 0
A89: 21 | B89: 040099 | C89: FERRETERIA POPULAR (S.MART | D89: 388662.89 | E89: 33039 | F89: 40015 | G89: =77496.79+7689.69 -> 85186.48
A91: 19 | B91: 040061 | C91: FERRETERIA ROSMERY | D91: 390533.59 | E91: 29494 | F91: 07/03/2009 | G91: 30434.69
E92: 33030 | F92: 40011 | G92: 67782.45
E93: 33053 | F93: 40018 | G93: 41273.5
A95: 77 | B95: 290002 | C95: FERRETERIA LA REGION, S.A. | D95: 406987.16 | E95: 69551 | F95: 40017 | G95: 100000
E96: 69569 | F96: 40022 | G96: 219722.68
E97: 69518 | F97: 40004 | G97: 37862.4
A99: 9 | B99: 080111 | C99: FERRETERIA OCHOA C POR A | D99: 413842.12 | E99: 26089 | F99: 40004 | G99: =34700.42+75108.21 -> 109808.63
E100: 26093 | F100: 07/24/2009 | G100: 57220.43
A102: 76 | B102: 070254 | C102: WENDY MARG. DESCHAMPS MEND | D102: 419746.93 | E102: 0
A104: 40 | B104: 080057 | C104: ASES. ING. EQUIP./F.SAN MI | D104: 434963.46 | E104: 51525 | F104: 40009 | G104: =66585.52+13780.8 -> 80366.32
A106: 70 | B106: 110052 | C106: PAPPATERRA RADIO MOTORS,C. | D106: 435146.16 | E106: 68512 | F106: 40016 | G106: =5665.44+21659.52+44176.56 -> 71501.52
A108: 68 | B108: 240021 | C108: FERRETERIA EXPRESS | D108: 464263.32 | E108: 66029 | F108: 39995 | G108: 29510.4
E109: 66040 | F109: 40000 | G109: 27199
E110: 66062 | F110: 40007 | G110: =43462.12+32781.6 -> 76243.72
E111: 66029 | F111: 39995 | G111: 29510.4
E112: 66079 | F112: 40015 | G112: =10383.76+29510.4 -> 39894.16
A114: 45 | B114: 150026 | C114: INVER. ZAHENA /COLOR SOLUT | D114: 467000 | E114: 0
A116: 53 | B116: 170240 | C116: E & M IMPORTADORES, C. POR | D116: 468048.68 | E116: 28442 | F116: 07/06/2009 | G116: 8306.16
E117: 58284 | F117: 40010 | G117: =28033.49+108355.72 -> 136389.21
A119: 7 | B119: 010171 | C119: GRUPO RAMOS- CHARLES DE GA | D119: 471580.46 | E119: 28746 | F119: 40011 | G119: =44284.39+64195.7 -> 108480.09
A121: 16 | B121: 030183 | C121: PINTURA Y ACCESORIOS DEL H | D121: 474542.45 | E121: 51537 | F121: 07/20/2009 | G121: =24406.68+35975.1+65632.08 -> 126013.86
A123: 11 | B123: 040018 | C123: CENTRO FERRET. METROPOLITA | D123: 502560.97 | E123: 33010 | F123: 40001 | G123: =78091.2+72682.08 -> 150773.28
A125: 66 | B125: 220290 | C125: FERRETERIA HACHE(AVE.INDEP | D125: 504987.15 | E125: 69537 | F125: 40011 | G125: 51017.13
E126: 64022 | F126: 40022 | G126: =69617.17+2685.09 -> 72302.26
A128: 26 | B128: 050126 | C128: FERRETERIA AMERICANA,C. PO | D128: 509477.1 | E128: 34509 | F128: 07/30/2009 | G128: 53272.77
E129: 34514 | F129: 40024 | G129: =154193.46+5266.4+16291.14 -> 175751
A131: 30 | B131: 060085 | C131: PRODUCTOS DEL TROPICO CXA | D131: 548780 | E131: 29229 | F131: 40014 | G131: 90280
E132: 29233 | F132: 40016 | G132: 134040
A134: 57 | B134: 260014 | C134: NUEVO COLOR S. A. | D134: 554339.64 | E134: 28949 | F134: 40010 | G134: 32208.1
A136: 48 | B136: 190027 | C136: JUANA PENA RODRIGUEZ | D136: 559911.13 | E136: 29932 | F136: 39997 | G136: =132126.77+47191.31 -> 179318.08
E137: 60775 | F137: 07/10/2009 | G137: =10471.32+41596.87+168104.61+28840.51 -> 249013.31
A139: 74 | B139: 080105 | C139: THE COLOR FACTORY | D139: 565384.28 | E139: 51545 | F139: 40018 | G139: =67138.2+53980.19 -> 121118.39
A141: 29 | B141: 030133 | C141: FERRETERIA KARIN, S. A. | D141: 575101.32 | E141: 29334 | F141: 07/14/2009 | G141: 84590.12
E142: 32004 | F142: 40022 | G142: =151792+13912.5 -> 165704.5
A144: 78 | B144: 030022 | C144: WILLIAM CORDONES/FERRET.WI | D144: 579630.54 | E144: 29316 | F144: 39995 | G144: 26421.56
E145: 29325 | F145: 40002 | G145: =45537.6+151100.35+53360.4 -> 249998.35
E146: 32008 | F146: 40022 | G146: =72961.92+16514.8 -> 89476.72
A148: 59 | B148: 190074 | C148: PAPPATERRA A., C. POR A. | D148: 586440.51 | E148: 0
A150: 64 | B150: 220186 | C150: FERRETERIA HACHE(SANTIAGO) | D150: 595545.84 | E150: 29646 | F150: 40002 | G150: 90928.78
E151: 69547 | F151: 40017 | G151: 11674.78
A153: 6 | B153: 010108 | C153: GRUPO RAMOS (CHURCHILL) | D153: 608162.32 | E153: 28748 | F153: 40011 | G153: 117246.63
...

Sheet Imagen Importaciones Cont.

Sheet Detalle Importaciones DGII
O8: 0

Sheet Detalle Ingresos Cont.

Sheet Detalle ITBIS cobrado ven Cont.
A2: 21020301 | Pasivo | Itbis Cobrado en Ventas

Sheet Ingresos segun terceros
